MLB
BOSTON RED SOX @ TEXAS RANGERS
05/05/2018
 
TOP OF THE 1ST
Boston Red Sox batting - Pitching for Texas Rangers : LHP Jose Quintana
Pitching: LHP Jose Quintana
Batting: RHB Yoenis Cespedes 0-0: Called Strike
0-1: Swinging Strike
0-2: Ball
1-2: Foul Ball, location: 2F
1-2: Fly out, F7 (Flyball, 7D)
Batting: RHB Yasiel Puig 0-0: SINGLE (Groundball, 6MD)
Batting: RHB Jett Bandy 0-0: SINGLE (Groundball, 56) (infield hit)
Yasiel Puig to second
Batting: RHB Victor Robles 0-0: Called Strike
0-1: Ball
1-1: Grounds into double play, 6-4-3 (Groundball, 6M)
Top of the 1st over - 0 runs, 2 hits, 0 errors, 1 left on base; Boston 0 - Texas 0
BOTTOM OF THE 1ST
Texas Rangers batting - Pitching for Boston Red Sox : LHP Marco Gonzales
Pitching: LHP Marco Gonzales
Batting: LHB Ender Inciarte 0-0: Ball
1-0: Ball
2-0: Called Strike
2-1: Foul Ball, location: 2F
2-2: Strikes out swinging
Batting: SHB Cesar Hernandez 0-0: Foul Ball, location: 2F
0-1: Ball
1-1: Ground out 4-3 (Groundball, 4M)
Batting: LHB Bryce Harper 0-0: Foul Ball, location: 2F
0-1: Called Strike
0-2: Foul Ball, location: 2F
0-2: Foul Ball, location: 2F
0-2: Ball
1-2: Foul Ball, location: 2F
1-2: Ball
2-2: Foul Ball, location: 2F
2-2: Ball
3-2: Fly out, F3 (Popup, 3F)
Bottom of the 1st over - 0 runs, 0 hits, 0 errors, 0 left on base; Boston 0 - Texas 0
TOP OF THE 2ND
Boston Red Sox batting - Pitching for Texas Rangers : LHP Jose Quintana
Batting: LHB Matt Adams 0-0: Called Strike
0-1: Fly out, F8 (Flyball, 8RXD)
Batting: LHB Derek Dietrich 0-0: Called Strike
0-1: Ball
1-1: Ball
2-1: Fly out, F8 (Flyball, 8LS)
Batting: LHB Jackie Bradley Jr. 0-0: Called Strike
0-1: Reached on error, E5 (Groundball, 5S)
Batting: LHB Daniel Descalso 0-0: Ball
1-0: Swinging Strike
1-1: Foul Ball, location: 2F
1-2: Ball
2-2: Strikes out swinging
Top of the 2nd over - 0 runs, 0 hits, 1 error, 1 left on base; Boston 0 - Texas 0
BOTTOM OF THE 2ND
Texas Rangers batting - Pitching for Boston Red Sox : LHP Marco Gonzales
Batting: SHB Jeimer Candelario 0-0: Fly out, F8 (Flyball, 8RXD)
Batting: RHB Max Stassi 0-0: Foul Ball, location: 2F
0-1: Ball
1-1: Ball
2-1: Ball
3-1: Called Strike
3-2: Foul Ball, location: 2F
3-2: SINGLE (Line Drive, 78M)
Batting: RHB Andrelton Simmons 0-0: Called Strike
0-1: Foul Ball, location: 2F
0-2: Strikes out swinging
Batting: LHB Joc Pederson 0-0: Ball
1-0: Called Strike
1-1: Called Strike
1-2: Foul Ball, location: 2F
1-2: Strikes out swinging
Bottom of the 2nd over - 0 runs, 1 hit, 0 errors, 1 left on base; Boston 0 - Texas 0
TOP OF THE 3RD
Boston Red Sox batting - Pitching for Texas Rangers : LHP Jose Quintana
Batting: LHB J.P. Crawford 0-0: Called Strike
0-1: Bunt missed!
0-2: Strikes out looking
Batting: RHB Yoenis Cespedes 0-0: Ball
1-0: DOUBLE (Line Drive, 7LM)
Batting: RHB Yasiel Puig 0-0: Foul Ball, location: 2F
0-1: Swinging Strike
0-2: Foul Ball, location: 2F
0-2: Strikes out swinging
Batting: RHB Jett Bandy 0-0: Ball
1-0: Called Strike
1-1: Ground out 6-3 (Groundball, 56)
Top of the 3rd over - 0 runs, 1 hit, 0 errors, 1 left on base; Boston 0 - Texas 0
BOTTOM OF THE 3RD
Texas Rangers batting - Pitching for Boston Red Sox : LHP Marco Gonzales
Batting: SHB Asdrubal Cabrera 0-0: Ground out 6-3 (Groundball, 6M)
Batting: RHB Jefry Marte 0-0: Ball
1-0: Called Strike
1-1: Ball
2-1: SOLO HOME RUN (Flyball, 9D), Distance : 358 ft
Batting: LHB Ender Inciarte 0-0: Called Strike
0-1: Fly out, F3 (Line Drive, 3)
Batting: SHB Cesar Hernandez 0-0: Ball
1-0: Called Strike
1-1: Ball
2-1: SINGLE (Groundball, 6D)
Batting: LHB Bryce Harper 0-0: Called Strike
0-1: SINGLE (Groundball, 6MD)
Cesar Hernandez to second
Batting: SHB Jeimer Candelario 0-0: Foul Ball, location: 2F
0-1: Ball
1-1: Fly out, F7 (Flyball, 7LM)
Bottom of the 3rd over - 1 run, 3 hits, 0 errors, 2 left on base; Boston 0 - Texas 1
TOP OF THE 4TH
Boston Red Sox batting - Pitching for Texas Rangers : LHP Jose Quintana
Batting: RHB Victor Robles 0-0: Ball
1-0: Foul Ball, location: 2F
1-1: Foul Ball, location: 2F
1-2: Strikes out swinging
Batting: LHB Matt Adams 0-0: Ball
1-0: Ground out 1-3 (Groundball, 34S)
Batting: LHB Derek Dietrich 0-0: Ball
1-0: Foul Ball, location: 2F
1-1: Called Strike
1-2: Foul Ball, location: 2F
1-2: Fly out, F7 (Line Drive, 78S)
Top of the 4th over - 0 runs, 0 hits, 0 errors, 0 left on base; Boston 0 - Texas 1
BOTTOM OF THE 4TH
Texas Rangers batting - Pitching for Boston Red Sox : LHP Marco Gonzales
Batting: RHB Max Stassi 0-0: Called Strike
0-1: Ball
1-1: Called Strike
1-2: Foul Ball, location: 2F
1-2: SOLO HOME RUN (Flyball, 7D), Distance : 376 ft
Batting: RHB Andrelton Simmons 0-0: Foul Ball, location: 2F
0-1: Swinging Strike
0-2: Ball
1-2: Ground out 6-3 (Groundball, 6)
Batting: LHB Joc Pederson 0-0: Ball
1-0: Foul Ball, location: 2F
1-1: Swinging Strike
1-2: Ball
2-2: Ball
3-2: Base on Balls
Batting: SHB Asdrubal Cabrera 0-0: Called Strike
0-1: Swinging Strike
0-2: Fly out, F9 (Line Drive, 9D)
Batting: RHB Jefry Marte 0-0: Ball
1-0: Called Strike
1-1: Called Strike
1-2: Ball
2-2: Ball
3-2: Ground out 4-3 (Groundball, 4)
Bottom of the 4th over - 1 run, 1 hit, 0 errors, 1 left on base; Boston 0 - Texas 2
TOP OF THE 5TH
Boston Red Sox batting - Pitching for Texas Rangers : LHP Jose Quintana
Batting: LHB Jackie Bradley Jr. 0-0: Ball
1-0: Ball
2-0: Ball
3-0: Called Strike
3-1: SINGLE (Line Drive, 9S)
Batting: LHB Daniel Descalso 0-0: Ball
1-0: Ball
2-0: Called Strike
2-1: Ball
3-1: Foul Ball, location: 2F
3-2: Fielders Choice at 2nd, 1-6 (Groundball, 34S)
Batting: LHB J.P. Crawford 0-0: Called Strike
0-1: Called Strike
0-2: Strikes out looking
Batting: RHB Yoenis Cespedes 0-0: Foul Ball, location: 2F
0-1: Ball
1-1: Ball
2-1: Foul Ball, location: 2F
2-2: Fielders Choice at 2nd, U6 (Groundball, 6M)
Top of the 5th over - 0 runs, 1 hit, 0 errors, 1 left on base; Boston 0 - Texas 2
BOTTOM OF THE 5TH
Texas Rangers batting - Pitching for Boston Red Sox : LHP Marco Gonzales
Batting: LHB Ender Inciarte 0-0: Called Strike
0-1: Swinging Strike
0-2: Ball
1-2: SINGLE (Groundball, 56D)
Batting: SHB Cesar Hernandez 0-0: Called Strike
0-1: Ball
1-1: SINGLE (Line Drive, 9S)
Ender Inciarte to second
Batting: LHB Bryce Harper 0-0: Foul Ball, location: 2F
0-1: Called Strike
0-2: Foul Ball, location: 2F
0-2: Ball
1-2: Strikes out looking
Batting: SHB Jeimer Candelario 0-0: Ball
1-0: Fly out, F3 (Popup, 3L)
Batting: RHB Max Stassi 0-0: DOUBLE (Flyball, 78XD)
Ender Inciarte scores
Cesar Hernandez to third
Batting: RHB Andrelton Simmons 0-0: Ball
1-0: Swinging Strike
1-1: Called Strike
1-2: Fly out, F8 (Line Drive, 8LM)
Bottom of the 5th over - 1 run, 3 hits, 0 errors, 2 left on base; Boston 0 - Texas 3
TOP OF THE 6TH
Boston Red Sox batting - Pitching for Texas Rangers : LHP Jose Quintana
Batting: RHB Yasiel Puig 0-0: Called Strike
0-1: Foul Ball, location: 2F
0-2: Ball
1-2: Ball
2-2: Foul Ball, location: 2F
2-2: Strikes out looking
Batting: RHB Jett Bandy 0-0: Called Strike
0-1: Hit by Pitch
Batting: RHB Victor Robles 0-0: Called Strike
0-1: Ball
1-1: Fielders Choice at 2nd, 6-4 (Groundball, 6)
Batting: LHB Matt Adams 0-0: Ball
Throwing error on steal attempt, E2
Victor Robles to third
1-0: DOUBLE (Line Drive, 9LS)
Victor Robles scores
Batting: LHB Derek Dietrich 0-0: Called Strike
0-1: Swinging Strike
0-2: Strikes out swinging
Top of the 6th over - 1 run, 1 hit, 1 error, 1 left on base; Boston 1 - Texas 3
BOTTOM OF THE 6TH
Texas Rangers batting - Pitching for Boston Red Sox : LHP Marco Gonzales
Pitching: RHP Dan Otero
Batting: LHB Joc Pederson 0-0: DOUBLE (Line Drive, 9LM)
Batting: SHB Asdrubal Cabrera 0-0: Swinging Strike
0-1: Foul Ball, location: 2F
0-2: Ball
1-2: Strikes out looking
Batting: RHB Jefry Marte 0-0: Ball
1-0: Ground out 6-3 (Groundball, 6MS)
Joc Pederson to third
Batting: LHB Ender Inciarte 0-0: Ball
1-0: Called Strike
1-1: Foul Ball, location: 2F
1-2: Strikes out swinging
Bottom of the 6th over - 0 runs, 1 hit, 0 errors, 1 left on base; Boston 1 - Texas 3
TOP OF THE 7TH
Boston Red Sox batting - Pitching for Texas Rangers : LHP Jose Quintana
Batting: LHB Jackie Bradley Jr. 0-0: Called Strike
0-1: Ball
1-1: Ball
2-1: Foul Ball, location: 2F
2-2: Ball
3-2: Fly out, F9 (Flyball, 9LMF)
Batting: LHB Daniel Descalso 0-0: Called Strike
0-1: Called Strike
0-2: Ball
1-2: Foul Ball, location: 2F
1-2: Strikes out swinging
Batting: LHB J.P. Crawford 0-0: Foul Ball, location: 2F
0-1: Swinging Strike
0-2: Ball
1-2: Foul Ball, location: 2F
1-2: Ground out U3 (Groundball, 3)
Top of the 7th over - 0 runs, 0 hits, 0 errors, 0 left on base; Boston 1 - Texas 3
BOTTOM OF THE 7TH
Texas Rangers batting - Pitching for Boston Red Sox : RHP Dan Otero
Batting: SHB Cesar Hernandez 0-0: Reached on error, E6 (Groundball, 6)
Batting: LHB Bryce Harper 0-0: Grounds into double play, 4-6-3 (Groundball, 4)
Batting: SHB Jeimer Candelario 0-0: Ball
1-0: Foul Ball, location: 2F
1-1: Ball
2-1: Called Strike
2-2: Strikes out looking
Bottom of the 7th over - 0 runs, 0 hits, 1 error, 0 left on base; Boston 1 - Texas 3
TOP OF THE 8TH
Boston Red Sox batting - Pitching for Texas Rangers : LHP Jose Quintana
Batting: RHB Yoenis Cespedes 0-0: Ball
1-0: Ball
2-0: Fly out, F7 (Line Drive, 7)
Pitching: RHP Will Harris
Batting: RHB Yasiel Puig 0-0: Ball
1-0: Foul Ball, location: 2F
1-1: Ball
2-1: Swinging Strike
2-2: Strikes out swinging
Batting: RHB Jett Bandy 0-0: Called Strike
0-1: Ball
1-1: Called Strike
1-2: Foul Ball, location: 2F
1-2: Ball
2-2: Strikes out swinging, 2-3 out at first.
Top of the 8th over - 0 runs, 0 hits, 0 errors, 0 left on base; Boston 1 - Texas 3
BOTTOM OF THE 8TH
Texas Rangers batting - Pitching for Boston Red Sox : RHP Dan Otero
Pitching: RHP Nick Vincent
Batting: RHB Max Stassi 0-0: Swinging Strike
0-1: Ball
1-1: Foul Ball, location: 2F
1-2: Ball
2-2: Ground out 2-3 (Groundball, 15S)
Batting: RHB Andrelton Simmons 0-0: Fly out, F8 (Flyball, 8LXD)
Batting: LHB Joc Pederson 0-0: Foul Ball, location: 2F
0-1: Ball
1-1: Fly out, F7 (Flyball, 78S)
Bottom of the 8th over - 0 runs, 0 hits, 0 errors, 0 left on base; Boston 1 - Texas 3
TOP OF THE 9TH
Boston Red Sox batting - Pitching for Texas Rangers : RHP Will Harris
Pitching: RHP Anthony Swarzak
Batting: RHB Victor Robles 0-0: Foul Ball, location: 2F
0-1: Foul Ball, location: 2F
0-2: Ball
1-2: Strikes out swinging
Batting: LHB Matt Adams 0-0: Called Strike
0-1: Ball
1-1: Ball
2-1: Ball
3-1: Base on Balls
Batting: LHB Derek Dietrich 0-0: Foul Ball, location: 2F
0-1: Ball
1-1: Swinging Strike
1-2: Foul Ball, location: 2F
1-2: Strikes out swinging
Batting: LHB Jackie Bradley Jr. 0-0: Called Strike
0-1: Ball
1-1: SINGLE (Flyball, 9S)
Matt Adams to second
Batting: LHB Daniel Descalso 0-0: Called Strike
0-1: Ball
1-1: Fielders Choice at 2nd, 5-4 (Groundball, 56)
Top of the 9th over - 0 runs, 1 hit, 0 errors, 2 left on base; Boston 1 - Texas 3
Thursday, June 28th, 2018 - OOTP Baseball 19.6 Build 53